 Dungeon Crawl Stone Soup version 0.29-a0-1009-g60c99734e7 (webtiles) character file.

Game seed: 12922642010606206955

3084 ragingrage the Cleaver (level 9, 0/56 HPs)
             Began as a Demonspawn Chaos Knight on Aug 8, 2022.
             Was a Plaything of Xom.
             Slain by a wyvern (17 damage)
             ... on level 7 of the Dungeon.
             The game lasted 00:08:43 (7897 turns).

ragingrage the Cleaver (Demonspawn Chaos Knight)    Turns: 7897, Time: 00:08:43

Health: 0/56       AC:  4    Str: 17    XL:     9   Next: 58%
Magic:  9/9        EV: 11    Int: 13    God:    Xom [...*..]
Gold:   483        SH:  5    Dex: 17    Spells: 8/8 levels left

rFire   . . .      SeeInvis .   g - +2 hand axe (elec)
rCold   . . .      Faith    .   (no shield)
rNeg    . . .      Spirit   .   b - +2 leather armour
rPois   +          Reflect  +   (helmet restricted)
rElec   .          Harm     .   o - +0 cloak
rCorr   +          Rampage  .   (no gloves)
Will    .....                   (no boots)
Stlth   +++.......              k - amulet of reflection
HPRegen 0.18/turn               t - ring of resist corrosion
MPRegen 0.22/turn               m - +4 ring of slaying

@: flying
A: antennae 1, thin skeletal structure 2, magic regeneration, demonic magic 1,
deformed body, frail 1, poison resistance, sturdy frame 1
a: Renounce Religion


You were on level 7 of the Dungeon.
You worshipped Xom.
You were a favourite toy of Xom.
You visited 1 branch of the dungeon, and saw 7 of its levels.
You also visited: Ossuary.

You collected 483 gold pieces.

Inventory:

Hand Weapons
 g - a +2 hand axe of electrocution (weapon)
Missiles
 f - 9 poisoned darts (quivered)
Armour
 b - a +2 leather armour (worn)
 o - a +0 cloak (worn)
Jewellery
 e - a ring of ice
 k - an amulet of reflection (around neck)
 m - a +4 ring of slaying (right hand)
 t - a ring of resist corrosion (left hand)
Wands
 u - a wand of acid (10)
 v - a wand of iceblast (8)
 y - a wand of mindburst (25)
 A - a wand of polymorph (13)
Scrolls
 a - 5 scrolls of teleportation
 h - 2 scrolls of fear
 j - a scroll of blinking
 n - 2 scrolls of enchant armour
 r - 5 scrolls of identify
 s - a scroll of immolation {unknown}
 x - a scroll of magic mapping {unknown}
 C - a scroll of poison {unknown}
Potions
 d - a potion of curing
 i - 2 potions of flight
 l - a potion of brilliance {unknown}
 p - 2 potions of attraction
 q - 2 potions of cancellation
 w - a potion of lignification
 z - 2 potions of resistance
 B - a potion of mutation {unknown}
 D - a potion of heal wounds {unknown}
Miscellaneous
 c - a piece from Xom's chessboard (15/15)


   Skills:
 - Level 3.0 Fighting
 + Level 12.0(12.2) Axes
 - Level 3.7(8.6) Polearms
 - Level 1.7 Armour
 - Level 0.8 Dodging


You had 8 spell levels left.
You didn't know any spells.
Your spell library contained the following spells:

 Spells                   Type           Power      Damage    Failure   Level
 Summon Lightning Spire   Summ/Air       0%         N/A       97%         4
 Storm Form               Tmut/Air       0%         N/A       100%        7
 Maxwell's Capacitive Co  Air            0%         ∞         100%        8


Dungeon Overview and Level Annotations

Branches:
Dungeon (7/15)             Temple (0/1) D:7         Ossuary (visited)

Altars:
Qazlal
Vehumet

Annotations:
D:3 1 transporter, siradein's ghost, amateur DrHu


Innate Abilities, Weirdness & Mutations

You have a pair of small antennae on your head.
You have a moderately thin skeletal structure. (Dex +4, Stealth++)
You regenerate magic rapidly.
Spells you cast may paralyse adjacent enemies.
Armour fits poorly on your strangely shaped body.
You are frail. (-10% HP)
Your system is resistant to poisons. (rPois)
Your movements are slightly less encumbered by armour. (ER -2)


Message History

The wyvern looks rather confused.
The howler monkey hits your quasit but does no damage.
The white imp hits you. The white imp freezes you.
Your quasit disappears in a puff of smoke!
Xom thinks this is hilarious!
The wyvern bites itself!
You barely miss the howler monkey. You slash the howler monkey!
The howler monkey is moderately wounded.
The wyvern seems less confused.
The howler monkey hits you.
You slash the howler monkey!
The howler monkey is severely wounded.
The howler monkey hits you.
You hit the white imp.
Lightning courses through the white imp!
You kill the white imp!
You hit the howler monkey. You hit the howler monkey.
The howler monkey is almost dead.
The howler monkey barely misses you.
You slash the howler monkey!
Lightning courses through the howler monkey!
You kill the howler monkey!
Your Axes skill increases to level 12!
The wyvern bites you!
You slash the wyvern!
The wyvern is severely wounded.
The wyvern bites you!
* * * LOW HITPOINT WARNING * * *
You hit the wyvern.
The wyvern is severely wounded.
The wyvern barely misses you.
It was a potion of flight.
You feel very buoyant.
You fly up into the air. "Heh heh heh..."
The wyvern looks rather confused.
You feel better. The wyvern bites you!
You die... "Huh?
Did I miss anything?"

#.....≈~≈≈
###...≈≈≈~≈≈
###....≈≈≈≈≈~≈≈
......≈≈≈≈≈≈.. ..
#.?...≈≈≈≈≈≈.>
..####.#...≈≈≈≈≈≈..
#..........≈≈≈≈≈≈≈
#.......$....≈≈≈≈≈
.#.......@l.....≈≈≈
..........†[.......
......††....#######
.......†...###
#######.)....#
#.)....# #......#
#<..)..# ########


You could see a wyvern (confused).

Vanquished Creatures
  A steam dragon (D:7)
  4 yaks (D:5)
  4 ice beasts
  An ogre (D:6)
  A centaur (D:6)
  2 elf zombies
  2 phantoms (D:4)
  2 bullfrogs (D:7)
  A scorpion (D:3)
  7 wights (D:6)
  6 howler monkeys
  3 human zombies (Ossuary)
  4 hounds
  A jelly (D:7)
  2 human skeletons (D:6)
  2 orc priests
  3 orc wizards
  3 mummies (Ossuary)
  10 adders
  5 gnolls
  A white imp (D:7)
  4 adder zombies (Ossuary)
  A worm (D:2)
  4 dart slugs
  20 orcs
  7 ball pythons
  5 bats
  9 endoplasms
  2 giant cockroaches
  3 gnoll zombies (Ossuary)
  6 goblins
  11 hobgoblins
  13 jackals
  6 kobolds
  6 quokkas
  3 frilled lizards (D:1)
  2 goblin zombies (Ossuary)
  4 hobgoblin zombies (Ossuary)
  2 jackal zombies (Ossuary)
  7 kobold zombies (Ossuary)
  2 orc skeletons (D:6)
  2 orc zombies
  5 quokka zombies (Ossuary)
  5 rats
  3 rat zombies (Ossuary)
197 creatures vanquished.

Vanquished Creatures (collateral kills)
  An orc priest (D:7)
1 creature vanquished.

Grand Total: 198 creatures vanquished

Notes
Turn   | Place    | Note
-------+----------+-------------------------------------------
     0 | D:1      | ragingrage the Demonspawn Chaos Knight began the quest for
                  | the Orb.
     0 | D:1      | Reached XP level 1. HP: 18/18 MP: 1/1
   201 | D:1      | Found a faded altar of an unknown god.
   404 | D:1      | Gained mutation: You have a pair of small antennae on your
                  | head. [demonic ancestry]
   404 | D:1      | Reached XP level 2. HP: 24/24 MP: 2/2
   473 | D:1      | XOM: noise
   670 | D:1      | Reached XP level 3. HP: 27/29 MP: 3/3
   857 | D:1      | XOM: silly message
   894 | D:1      | Reached skill level 1 in Axes
  1631 | D:2      | Reached skill level 2 in Axes
  1952 | D:2      | Gained mutation: Spells you cast may paralyse adjacent
                  | enemies. [demonic ancestry]
  1952 | D:2      | Reached XP level 4. HP: 35/35 MP: 4/4
  2199 | D:2      | XOM: enchant monster (good)
  2683 | D:2      | Reached skill level 3 in Axes
  3003 | D:3      | Reached XP level 5. HP: 31/41 MP: 5/5
  3029 | D:3      | XOM: polymorph orc -> endoplasm
  3119 | D:2      | XOM is BORED!
  3119 | D:2      | XOM: summons 3 hostile demons
  3271 | D:2      | XOM: give mutations
  3271 | D:2      | Gained mutation: A frigid envelope surrounds you and
                  | freezes all who hurt you. [Xom's grace]
  3271 | D:2      | Gained mutation: Your muscles are strong. (Str +4, Int/Dex
                  | -1) [Xom's grace]
  3271 | D:2      | Gained mutation: Your system is resistant to poisons.
                  | (rPois) [Xom's grace]
  3378 | D:3      | XOM: divination: detect creatures
  3523 | D:3      | Reached skill level 4 in Axes
  3572 | D:3      | Noticed an ice beast
  3580 | D:3      | XOM: divination: detect creatures
  3585 | D:3      | XOM: fog
  3589 | D:3      | Killed an ice beast
  3590 | D:3      | Reached skill level 5 in Axes
  3590 | D:3      | Gained mutation: You have a somewhat thin skeletal
                  | structure. (Dex +2, Stealth+) [demonic ancestry]
  3590 | D:3      | Reached XP level 6. HP: 47/47 MP: 6/6
  3606 | D:3      | XOM: god gift: 44 gold pieces
  3731 | D:3      | XOM: summons 4 hostile demons
  3963 | D:3      | XOM: 5-stop teleportation journey
  4126 | D:3      | Noticed siradein's ghost (amateur DrHu)
  4127 | D:3      | Found a transporter.
  4127 | D:3      | Identified the +7 great mace "Bemedes" {drain, *Noise rElec
                  | Str+4 Stlth+}
  4986 | D:4      | XOM: silly message
  5032 | D:4      | XOM: smoke on damage
  5037 | D:4      | Reached skill level 6 in Axes
  5037 | D:4      | Gained mutation: You regenerate magic rapidly. [demonic
                  | ancestry]
  5037 | D:4      | Reached XP level 7. HP: 38/52 MP: 7/7
  5230 | D:5      | Entered Level 5 of the Dungeon
  5427 | D:5      | Found a radiant altar of Vehumet.
  5735 | D:5      | XOM: noise
  5752 | D:5      | XOM: divination: detect items
  5920 | D:5      | Noticed a yak
  5921 | D:5      | Noticed a yak
  5923 | D:5      | Noticed a yak
  5925 | D:5      | Noticed a yak
  5930 | D:5      | Killed a yak
  5931 | D:5      | Reached skill level 7 in Axes
  5934 | D:5      | Killed a yak
  5936 | D:5      | XOM: potion effect (brilliance)
  5937 | D:5      | Killed a yak
  5938 | D:5      | Reached skill level 8 in Axes
  5938 | D:5      | Gained mutation: You have a moderately thin skeletal
                  | structure. (Dex +4, Stealth++) [demonic ancestry]
  5938 | D:5      | Reached XP level 8. HP: 52/58 MP: 8/8
  6184 | D:5      | XOM: silly message
  6226 | D:5      | Reached skill level 9 in Axes
  6302 | D:6      | XOM: confuse monster(s)
  6374 | D:6      | Found a stormy altar of Qazlal.
  6631 | D:6      | Reached skill level 10 in Axes
  6633 | D:6      | XOM: give mutations
  6633 | D:6      | Gained mutation: You are frail. (-10% HP) [Xom's mischief]
  6633 | D:6      | Gained mutation: Armour fits poorly on your strangely
                  | shaped body. [Xom's mischief]
  6633 | D:6      | Lost mutation: Your muscles are strong. (Str +4, Int/Dex
                  | -1) [Xom's mischief]
  6633 | D:6      | Lost mutation: A frigid envelope surrounds you and freezes
                  | all who hurt you. [Xom's mischief]
  6665 | D:6      | Found a sand-covered staircase.
  6677 | Ossuary  | XOM: stealth player
  6677 | Ossuary  | Entered an ossuary
  6877 | Ossuary  | Reached XP level 9. HP: 43/56 MP: 9/9
  6921 | Ossuary  | XOM: give mutation
  6921 | Ossuary  | Gained mutation: Your movements are slightly less
                  | encumbered by armour. (ER -2) [Xom's grace]
  6962 | Ossuary  | XOM: scenery: 1 doors open
  7183 | D:6      | Reached skill level 11 in Axes
  7834 | D:7      | XOM: summons 9 friendly demons
  7872 | D:7      | Found a staircase to the Ecumenical Temple.
  7885 | D:7      | XOM: swap monsters
  7893 | D:7      | Reached skill level 12 in Axes
  7896 | D:7      | XOM: confuse monster(s)
  7897 | D:7      | Slain by a wyvern

Illustrated notes

Levels and vault maps discovered:
D:1:      dreamdust_arrival_beginning_and_end, layout_basic,
          shapermc_ecumenical_altar_ellora
D:2:      layout_loops_ring
D:3:      layout_loops_cross, serial_glass, glass_columns_a, glass_columns_a,
          gammafunk_ghost_smash
D:4:      layout_cave_pods, chequers_serial_rivers_room_b,
          dreamdust_princess_bridge
D:5:      layout_loops_corners, mainiacjoe_overflow_catch_the_wave
D:6:      layout_loops_ring, nicolae_qazlal_general_emergency,
          nicolae_ossuary_entry_catacombs
D:7:      layout_rooms, trog_wizard, temple_pool_b

Skill      XL: |  1  2  3  4  5  6  7  8  9 |
---------------+----------------------------+-----
Polearms       | 3 |  3.7
Axes           | 2 3 5 6 8 10 12 | 12.0
Fighting       | |  3.0
Armour         | |  1.7
Dodging        | |  0.8

Action                   |  1- 3 |  4- 6 |  7- 9 || total
-------------------------+-------+-------+-------++-------
Melee: Spear             |    44 |       |       ||    44
       Hand axe          |    75 |   111 |   250 ||   436
       Punch             |       |       |     5 ||     5
Throw: Dart              |       |     5 |       ||     5
Evoke: Piece from Xom's  |     1 |     5 |       ||     6
       Wand              |       |       |     1 ||     1
  Use: Scroll            |     1 |     2 |     4 ||     7
       Potion            |       |     4 |     2 ||     6
 Stab: Sleeping          |     1 |     3 |    12 ||    16
       Distracted        |       |     1 |     2 ||     3
       Confused          |       |       |     1 ||     1
Armor: Leather armour    |    42 |    27 |    29 ||    98
       Skin              |       |     3 |       ||     3
Dodge: Dodged            |    71 |    69 |    74 ||   214
Block: Other             |       |       |    31 ||    31
       Reflection        |       |       |     1 ||     1

Table legend: (Time is in decaauts)
 A = Elapsed time spent in this place.
 B = Non-inter-level travel time spent in this place.
 C = Inter-level travel time spent in this place.
 D = Time resting spent in this place.
 E = Time spent auto-exploring this place.
 F = Levels seen in this place.
 G = Mean time per level.
                   A        B        C        D        E       F      G
               +--------+--------+--------+--------+--------+-----+--------+
         Total |   7860 |   7615 |    245 |   1448 |   4797 |   8 |  982.5 |
       Dungeon |   7427 |   7182 |    245 |   1448 |   4496 |   7 | 1061.0 |
       Ossuary |    432 |    432 |      0 |      0 |    301 |   1 |  432.0 |
               +--------+--------+--------+--------+--------+-----+--------+

Top non-repeatable levels by time:
     D:2: 2113 daAuts
     D:3: 1096 daAuts
     D:1: 1079 daAuts
     D:5: 1064 daAuts
     D:6: 1059 daAuts
     D:4: 960 daAuts
 Ossuary: 432 daAuts
     D:7: 55 daAuts
